[Event "Early-Titled-Tuesday-Blitz-March-05-2024"]
[Site "Chess.com"]
[Date "2024.03.05"]
[Round "4"]
[White "SharapovEvgeny"]
[Black "Viktor_Poddubnyi"]
[Result "1-0"]
[WhiteElo "2547"]
[BlackElo "2279"]
[TimeControl "180+1"]
[EndTime "8:40:56 PST"]
[Termination "SharapovEvgeny won on time"]

1. e4 g6 2. d4 Bg7 3. Nc3 d6 4.
h4 Nc6 5. Be3 Nf6 6. f3 e5 7. Nge2 O-O 8. d5 Ne7 9. Qd2 c6 10.
O-O-O cxd5 11. exd5 Nf5 12. Bg5 h6 13. g4 hxg5 14.
hxg5 Nd4 15. gxf6 Qxf6 16. Nxd4 exd4 17. Ne4 Qe7 18. Qh2 Rd8 19. Bd3 f5 20. gxf5 Bxf5 21.
Rde1 Re8 22. Kd1 Be5 23. f4 Bg7 24. Ng5 Qf6 25. Ne6 Bxe6 26. dxe6 Re7 27. Qh7+ Kf8 28. Qxg6 Qxg6 29. Bxg6 Rc8 30. Bd3 Rc5 31. f5 Bf6 32.
Reg1 Rg7 33. Rxg7 Kxg7 34. Rg1+ Kf8 35. Rg6 Ke7 36. Rh6 1-0

[Event "Early-Titled-Tuesday-Blitz-March-05-2024"]
[Site "Chess.com"]
[Date "2024.03.05"]
[Round "4"]
[White "Kotofeyca"]
[Black "TheMagician"]
[Result "1-0"]
[WhiteElo "2455"]
[BlackElo "2183"]
[TimeControl "180+1"]
[EndTime "8:40:56 PST"]
[Termination "Kotofeyca won on time"]

1. d4 Nf6 2. c4 e6 3. Nf3 Bb4+ 4.
Nbd2 O-O 5. a3 Be7 6. e4 d6 7. Bd3 c5 8. b4 cxd4 9. Nxd4 a5 10. Bb2 e5 11. Nb5 Nc6 12. Qb3 Be6 13. O-O Qb6 14. Bc3 Rfd8 15. h3 Nh5 16. Rfe1 Nf4 17. Bf1 axb4 18.
axb4 Rxa1 19. Rxa1 1-0

[Event "Early-Titled-Tuesday-Blitz-March-05-2024"]
[Site "Chess.com"]
[Date "2024.03.05"]
[Round "4"]
[White "maurovargas01"]
[Black "carlocapau"]
[Result "0-1"]
[WhiteElo "1845"]
[BlackElo "2436"]
[TimeControl "180+1"]
[EndTime "8:40:57 PST"]
[Termination "carlocapau won by checkmate"]

1. e4 c5 2. Nc3 a6 3. f4 b5 4. Nf3 Bb7 5. Nd5 e6 6. Ne3 Bxe4 7. d3 Bb7 8. g3 Nf6 9. Bg2 Be7 10.
O-O O-O 11. g4 Nc6 12. g5 Ne8 13. Ng4 Qc7 14. Qe1 Nd4 15. Rf2 Nd6 16. c3 Nxf3+ 17. Bxf3 Nf5 18. Be4 c4 19. Bxb7 Qxb7 20. d4 b4 21. Bd2 bxc3 22. Bxc3 Qd5 23. Rd1 Bd6 24. Rdd2 a5 25. Rde2 Nxd4 26. Re3 Bc5 27. Re5 Nf3+ 28. Kf1 Nxe5 29. Nxe5 Bxf2 30. Qxf2 d6 31. Nd7 Qh1+ 32. Ke2 Qe4+ 33. Kf1 Rfd8 34. Nb6 Rab8 35. Na4 d5 36. Bd4 Qh1+ 37. Ke2 Qb1 38. a3 Qc2+ 39. Kf3 Qxa4 40.
Bc3 d4 41. Bxd4 Qc6+ 42. Kg3 Rxd4 43. Qxd4 Rb3+ 44. Kg4 Qg2+ 45. Kh4 Rh3# 0-1

[Event "Early-Titled-Tuesday-Blitz-March-05-2024"]
[Site "Chess.com"]
[Date "2024.03.05"]
[Round "4"]
[White "carloseduar100"]
[Black "only_strong_moves"]
[Result "0-1"]
[WhiteElo "2364"]
[BlackElo "2566"]
[TimeControl "180+1"]
[EndTime "8:40:58 PST"]
[Termination "only_strong_moves won by resignation"]

1. g3 g6 2. Bg2 Bg7 3. Nf3 d6 4.
O-O Nf6 5. d4 O-O 6. c3 Nc6 7. Re1 e5 8. dxe5 dxe5 9. Qxd8 Rxd8 10. Bg5 Bf5 11. Na3 h6 12. Bxf6 Bxf6 13. Nb5 a6 14.
Na3 e4 15. Nh4 Bxh4 16. gxh4 Rd7 17. e3 Ne5 18. Nc2 Rd2 19. Nd4 Rxb2 20. Reb1 Rxb1+ 21. Rxb1 b6 22. h5 Rd8 23. h4 Rd6 24. hxg6 Bxg6 25.
Kf1 c5 26. Ne2 Nd3 27. a4 Kg7 28. Ng3 Re6 29. h5 Bh7 30. Ke2 f5 31. Bh3 Kf6 32. Rg1 b5 33. axb5 axb5 34. Rb1 b4 35. cxb4 cxb4 36. f3 exf3+ 37. Kxd3 f4+ 38. e4 Rd6+ 39. Kc4 fxg3 40. Rxb4 g2 41. Rb1 Bxe4 42. Kc5 Bxb1 0-1

[Event "Early-Titled-Tuesday-Blitz-March-05-2024"]
[Site "Chess.com"]
[Date "2024.03.05"]
[Round "4"]
[White "XDPS"]
[Black "Elprofessor21"]
[Result "1-0"]
[WhiteElo "2911"]
[BlackElo "2668"]
[TimeControl "180+1"]
[EndTime "8:40:59 PST"]
[Termination "XDPS won by resignation"]

1. d4 Nf6 2. Nf3 d5 3. Bf4 c5 4. e3 e6 5. Nbd2 Nc6 6. c3 Bd6 7. Bg3 O-O 8. Bb5 a6 9. Bxc6 bxc6 10. Qa4 Bb7 11. Bxd6 Qxd6 12. Qa3 Nd7 13. Nb3 e5 14. Nxe5 Nxe5 15. dxe5 Qg6 16. O-O Bc8 17. Kh1 c4 18. Nd4 Re8 19. f4 Bf5 20. Rf3 Be4 21.
Rg3 Qh6 22. h3 Rab8 23. b3 Rec8 24. Qc5 Kh8 25. Kh2 a5 26. Rf1 cxb3 27. axb3 a4 28.
bxa4 Rb2 29. Qe7 c5 30. Nf3 f6 31. a5 d4 32. exd4 cxd4 33. exf6 gxf6 34. Qxe4 1-0

[Event "Early-Titled-Tuesday-Blitz-March-05-2024"]
[Site "Chess.com"]
[Date "2024.03.05"]
[Round "4"]
[White "MasterKroket"]
[Black "LuisFSiles"]
[Result "1-0"]
[WhiteElo "2474"]
[BlackElo "2255"]
[TimeControl "180+1"]
[EndTime "8:41:02 PST"]
[Termination "MasterKroket won on time"]

1. e4 c5 2. Nf3 Nc6 3. d4 cxd4 4. Nxd4 Nf6 5. Nc3 e5 6. Ndb5 d6 7. Bg5 a6 8. Na3 b5 9. Nd5 Be7 10. Bxf6 Bxf6 11. c3 O-O 12. Nc2 Rb8 13. Be2 Bg5 14. O-O Ne7 15. Nce3 Be6 16. b4 Bxe3 17. Nxe3 d5 18.
exd5 Nxd5 19. Nxd5 Qxd5 20. a4 Qc6 21. axb5 axb5 22.
Qd2 Bd5 23. f3 Rfd8 24. Qe3 e4 25. f4 Bc4 26. Bxc4 Qxc4 27. Rfd1 Rd3 28. Qb6 Rf8 29.
Rxd3 exd3 30. Qd4 Rc8 31. Qxc4 bxc4 32. Kf2 Re8 33. Ra5 Re2+ 34. Kf3 h5 35. Rc5 h4 36.
Rxc4 h3 37. gxh3 Rxh2 38. Rd4 Rxh3+ 39. Ke4 1-0

[Event "Early-Titled-Tuesday-Blitz-March-05-2024"]
[Site "Chess.com"]
[Date "2024.03.05"]
[Round "4"]
[White "BashirliSaadat"]
[Black "GameOverBro"]
[Result "0-1"]
[WhiteElo "2359"]
[BlackElo "2562"]
[TimeControl "180+1"]
[EndTime "8:41:05 PST"]
[Termination "GameOverBro won by resignation"]

1. e4 c5 2. Nf3 Nc6 3. Bb5 g6 4. O-O Bg7 5. Re1 Nf6 6. c3 O-O 7. d4 cxd4 8. cxd4 d5 9. e5 Ne4 10. Nbd2 Nxd2 11. Bxd2 Bg4 12. Be3 Rc8 13. Rc1 Na5 14.
h3 Rxc1 15. Bxc1 Qb6 16. Be2 Bxf3 17. Bxf3 e6 18. b3 Rc8 19. Ba3 Bf8 20. Bxf8 Kxf8 21. Qd2 Qc7 22. h4 Qc3 23. Qh6+ Kg8 24. Rd1 Nc6 25. Qf4 h5 26. g4 hxg4 27. Bxg4 Qc2 28. h5 Qe4 29. Qxe4 dxe4 30. hxg6 Rd8 31. gxf7+ Kxf7 32. f4 Rg8 33. d5 Rxg4+ 34. Kf2 exd5 35. Rxd5 Rxf4+ 36. Ke3 Ke6 37. Rb5 Rh4 38. Rxb7 Nxe5 39.
Rxa7 Kf5 40. Ra5 Rh3+ 41. Kd4 Kf4 42. Rd5 Rd3+ 43. Kc5 Rxd5+ 44. Kxd5 e3 0-1

[Event "Early-Titled-Tuesday-Blitz-March-05-2024"]
[Site "Chess.com"]
[Date "2024.03.05"]
[Round "4"]
[White "LLariMarc"]
[Black "RantomOpening"]
[Result "0-1"]
[WhiteElo "2394"]
[BlackElo "2577"]
[TimeControl "180+1"]
[EndTime "8:41:06 PST"]
[Termination "RantomOpening won by resignation"]

1. d4 d5 2. Nf3 e6 3. Bg5 Be7 4. Bxe7 Qxe7 5. e3 Nf6 6. c3 c6 7. Nbd2 Nbd7 8. Bd3 e5 9. dxe5 Nxe5 10. Nxe5 Qxe5 11.
Nf3 Qc7 12. h3 O-O 13. O-O h6 14. Qc2 Be6 15. Nd4 Bd7 16. Bf5 Rfe8 17. Bxd7 Qxd7 18. Qf5 Qxf5 19. Nxf5 c5 20. Rfd1 Rad8 21. Ng3 g6 22. Rd2 Rd7 23. Rad1 Red8 24. Rd3 h5 25. Ne2 Kf8 26.
Kf1 Ke7 27. Nf4 g5 28. Ne2 b6 29. Ng3 Ke6 30. Ke1 g4 31. hxg4 hxg4 32. Ne2 Ke5 33. Nf4 Rh8 34. Ke2 Rhd8 35. Rh1 d4 36. cxd4+ cxd4 37. Nh5 dxe3 38. Rxe3+ Kf5 39. Ng3+ Kg6 40. Ne4 Nxe4 41.
Rxe4 Rd2+ 42. Ke3 R8d3+ 43. Kf4 Rxf2+ 44. Kxg4 f5+ 0-1

[Event "Early-Titled-Tuesday-Blitz-March-05-2024"]
[Site "Chess.com"]
[Date "2024.03.05"]
[Round "4"]
[White "xasid81"]
[Black "Matols"]
[Result "1-0"]
[WhiteElo "2577"]
[BlackElo "2394"]
[TimeControl "180+1"]
[EndTime "8:41:08 PST"]
[Termination "xasid81 won by resignation"]

1. e4 c6 2. d4 d5 3. exd5 cxd5 4. Nf3 Nf6 5. Ne5 Nc6 6. Bb5 Bd7 7. Nxd7 Qxd7 8. O-O e6 9. c3 Bd6 10. Nd2 O-O 11.
Nf3 Qc7 12. h3 Ne4 13. Bd3 f5 14. Qe2 Rae8 15. Re1 Kh8 16. Ng5 Bh2+ 17. Kh1 Bf4 18. Nf3 Bg3 19. Be3 Bd6 20. Bxe4 fxe4 21. Nd2 Qf7 22.
Rf1 Qg6 23. Qg4 Qxg4 24. hxg4 Rf6 25. g3 h6 26. Kg2 Rg6 27. g5 hxg5 28. Rh1+ Kg8 29.
Rh5 g4 30. Rah1 Kf7 31. c4 Ne7 32. a3 Nf5 33. cxd5 Nxe3+ 34. fxe3 exd5 35. Rxd5 Rc8 36. Rf1+ Ke7 37. Nxe4 Rc2+ 38. Rf2 Rxf2+ 39. Kxf2 Re6 40. Nxd6 Rxd6 41. Rxd6 Kxd6 42. e4 1-0

[Event "Early-Titled-Tuesday-Blitz-March-05-2024"]
[Site "Chess.com"]
[Date "2024.03.05"]
[Round "4"]
[White "Kiborg95"]
[Black "HansOnTwitch"]
[Result "0-1"]
[WhiteElo "2792"]
[BlackElo "3110"]
[TimeControl "180+1"]
[EndTime "8:41:09 PST"]
[Termination "HansOnTwitch won by resignation"]

1. e4 c5 2. Nc3 a6 3. g3 b5 4. Bg2 Bb7 5. Nh3 d6 6. O-O g6 7. d3 Bg7 8. f4 Nd7 9. a4 b4 10. Nd5 e6 11. Ne3 Ne7 12. Qe1 O-O 13. c3 a5 14. Bd2 Ba6 15. Nf2 Rb8 16. g4 f5 17.
exf5 exf5 18. gxf5 Nxf5 19. Nxf5 gxf5 20. Qe6+ Kh8 21.
Rfe1 Rf6 22. Qe7 Rg6 23. Qxd8+ Rxd8 24. Kf1 c4 25. d4 Bxd4 26. Bh3 Rdg8 27. Bxf5 Rg2 28.
Be3 Bxe3 29. Rxe3 Rg1+ 30. Ke2 Rxa1 31. Bxd7 Rb1 32. Re7 Rxb2+ 33. Ke3 bxc3 34. Ne4 c2 35. Kd2 Rg2+ 0-1

[Event "Early-Titled-Tuesday-Blitz-March-05-2024"]
[Site "Chess.com"]
[Date "2024.03.05"]
[Round "4"]
[White "M1711"]
[Black "Defenstrator"]
[Result "0-1"]
[WhiteElo "2586"]
[BlackElo "2450"]
[TimeControl "180+1"]
[EndTime "8:41:10 PST"]
[Termination "Defenstrator won by checkmate"]

1. e4 g6 2. d4 Bg7 3. Nc3 b6 4.
f4 Bb7 5. Nf3 f5 6. exf5 gxf5 7.
d5 Nf6 8. Bd3 e6 9. Qe2 Nxd5 10.
Nxd5 Bxd5 11. Bxf5 Nc6 12. Be4 O-O 13. Bxd5 exd5 14.
O-O Re8 15. Qd3 d4 16. Qc4+ Kh8 17. Ng5 Qf6 18. Nf7+ Kg8 19. Ne5+ Kh8 20. Nf7+ Kg8 21. Ng5+ Kh8 22. Qd3 Qg6 23. f5 Qf6 24. Bf4 Rg8 25. Qh3 Bh6 26. Ne4 Qe7 27. Qxh6 Qxe4 28. Rae1 Qxg2# 0-1

[Event "Early-Titled-Tuesday-Blitz-March-05-2024"]
[Site "Chess.com"]
[Date "2024.03.05"]
[Round "4"]
[White "mishanick"]
[Black "AradNazari"]
[Result "1-0"]
[WhiteElo "3073"]
[BlackElo "2849"]
[TimeControl "180+1"]
[EndTime "8:41:12 PST"]
[Termination "mishanick won by resignation"]

1. d4 Nf6 2. c4 g6 3. Nc3 d5 4.
Bg5 Ne4 5. Bh4 g5 6. Nxe4 dxe4 7. Bxg5 Bg7 8. e3 c5 9. Qd2 cxd4 10. exd4 Qxd4 11.
O-O-O Nc6 12. Qxd4 Nxd4 13. Ne2 Ne6 14. Be3 f5 15. g3 Kf7 16. Bh3 Kg6 17. Rd5 Nc7 18. Nf4+ Kf7 19. Rc5 Na6 20. Rxf5+ Bxf5 21. Bxf5 Nb4 22.
Be6+ Ke8 23. a3 Nd3+ 24. Nxd3 exd3 25. Rd1 Rd8 26. Bd5 b6 27. Rxd3 Rf8 28. Kc2 h6 29.
b4 Rd6 30. c5 bxc5 31. Bxc5 Rdf6 32. Bxa7 Ra6 33. Bc5 Be5 34. Bc4 Raf6 35. f4 Bd6 36. Bd4 Rf5 37. Be6 Rh5 38. Rc3 1-0

[Event "Early-Titled-Tuesday-Blitz-March-05-2024"]
[Site "Chess.com"]
[Date "2024.03.05"]
[Round "4"]
[White "ChessLover0108"]
[Black "SahibSinghKnight"]
[Result "1-0"]
[WhiteElo "2954"]
[BlackElo "2579"]
[TimeControl "180+1"]
[EndTime "8:41:12 PST"]
[Termination "ChessLover0108 won on time"]

1. c4 e6 2. Nc3 d5 3. d4 Be7 4. Nf3 Nf6 5. Bg5 Nbd7 6. e3 h6 7. Bf4 a6 8. cxd5 exd5 9. Bd3 O-O 10. O-O c6 11. h3 b5 12. Rc1 Bb7 13. Bb1 Re8 14. Ne5 Nxe5 15. dxe5 Nd7 16. Qg4 Bg5 17.
Bxg5 hxg5 18. f4 g6 19. Ne2 Qe7 20. h4 gxh4 21. Nd4 Kf8 22. Bxg6 fxg6 23. Qxg6 Qg7 24. Qh5 Kg8 25. Nf5 Qh7 26. Qxh7+ Kxh7 27. Nd6 Rab8 28. Nxb7 Rxb7 29. Rxc6 Nb6 30. Rf3 Nc4 31. b3 Nd2 32. Rh3 Kg8 33. Rxh4 Rg7 34. Rhh6 Nf3+ 35. Kf2 Nd2 36.
Rcg6 Ne4+ 37. Kf3 a5 38. e6 1-0

[Event "Early-Titled-Tuesday-Blitz-March-05-2024"]
[Site "Chess.com"]
[Date "2024.03.05"]
[Round "4"]
[White "Chesstiger64"]
[Black "Joachim100x"]
[Result "0-1"]
[WhiteElo "2351"]
[BlackElo "2470"]
[TimeControl "180+1"]
[EndTime "8:41:12 PST"]
[Termination "Joachim100x won by resignation"]

1. d4 Nf6 2. Nf3 g6 3. e3 Bg7 4. c4 d5 5. Nc3 O-O 6. Be2 c6 7. O-O b6 8. b4 Bb7 9. a4 Nbd7 10. c5 a5 11. cxb6 axb4 12. Na2 Qxb6 13. Rb1 Ne4 14. Nxb4 Nc3 15. Qc2 Nxb1 16. Qxb1 Rxa4 17. Bd2 c5 18. dxc5 Qxc5 19. Nd3 Qa7 20. Bb4 Ra1 21. Qc2 Rxf1+ 22. Bxf1 Rc8 23. Qb1 e6 24. h4 Ba6 25. Qa2 Qb7 26. Bd6 Bc4 27. Qa3 Qb3 28.
Qxb3 Bxb3 29. g3 Bc4 30. Kg2 Bf8 31. Bxf8 Kxf8 32. Ng5 h6 33. Nf3 Bxd3 34. Bxd3 Ke7 35. Nd4 Nc5 36. Bc2 Ne4 37. Bxe4 dxe4 38. Ne2 e5 39. g4 f5 40. h5 Rc2 41. Ng3 f4 42.
exf4 e3 43. Ne4 e2 44. hxg6 e1=Q 45. g7 Qxe4+ 46. Kg3 Qg6 47. f5 Qxg7 48. f6+ Qxf6 0-1

[Event "Early-Titled-Tuesday-Blitz-March-05-2024"]
[Site "Chess.com"]
[Date "2024.03.05"]
[Round "4"]
[White "Anton_Demchenko"]
[Black "Semetey"]
[Result "1-0"]
[WhiteElo "2902"]
[BlackElo "2597"]
[TimeControl "180+1"]
[EndTime "8:41:14 PST"]
[Termination "Anton_Demchenko won on time"]

1. e4 e5 2. Nf3 Nc6 3. Bc4 Bc5 4. d3 Nf6 5. Bg5 h6 6. Bh4 Be7 7. Bg3 d6 8. a4 Bg4 9. h3 Bh5 10. c3 a6 11. Nbd2 O-O 12. a5 Nh7 13. Bh2 Bxf3 14. Nxf3 Kh8 15. Qb3 Qe8 16. Qxb7 Ra7 17. Qb3 f5 18. exf5 Rxf5 19. Be6 Rf6 20. Bd5 Rf8 21. O-O Nf6 22. Bc4 Nh5 23. Qd1 Nf4 24. Bxf4 Rxf4 25. b4 Nb8 26. Qe2 Qd7 27. Rfe1 Bf6 28. Qe3 c6 29. d4 Rf5 30. Bd3 Rh5 31. Bg6 Rg5 32.
Nxg5 Bxg5 33. Qf3 Bf6 34. dxe5 dxe5 35. Rad1 Qe7 36. Be4 Rc7 37. Qf5 Kg8 38. Qh7+ Kf8 39. Qh8+ Kf7 40. Qxb8 1-0

[Event "Early-Titled-Tuesday-Blitz-March-05-2024"]
[Site "Chess.com"]
[Date "2024.03.05"]
[Round "4"]
[White "StrackedAktonamee"]
[Black "vladgoncharov"]
[Result "1/2-1/2"]
[WhiteElo "2457"]
[BlackElo "2640"]
[TimeControl "180+1"]
[EndTime "8:41:14 PST"]
[Termination "Game drawn by repetition"]

1. e4 e6 2. d4 d5 3. Nc3 Nf6 4. Bg5 Be7 5. e5 Nfd7 6. Bxe7 Qxe7 7. f4 a6 8. Qg4 g6 9. Nf3 c5 10. h4 h5 11. Qh3 Nc6 12. O-O-O cxd4 13. Nxd4 Nxd4 14.
Rxd4 b5 15. g3 Nb6 16. Rh2 b4 17. Nb1 Qc5 18. Rhd2 Bd7 19. Qh2 Bb5 20. Qf2 Bxf1 21. Qxf1 Ke7 22. Qd3 Rhc8 23. Rd1 Rc7 24. f5 gxf5 25.
Qe3 Rg8 26. Qe2 Nc4 27. b3 Nxe5 28. Rxd5 exd5 29. Qxe5+ Kf8 30. Rd2 d4 31. Qf6 d3 32.
Qd8+ Kg7 33. Qg5+ Kh7 34. Qxh5+ Kg7 35. Qg5+ Kf8 36. Qd8+ Kg7 37. Qg5+ Kf8 38. Qd8+ Kg7 39. Qg5+ 1/2-1/2

[Event "Early-Titled-Tuesday-Blitz-March-05-2024"]
[Site "Chess.com"]
[Date "2024.03.05"]
[Round "4"]
[White "Mikhail_Golubev"]
[Black "Eloist"]
[Result "1-0"]
[WhiteElo "2655"]
[BlackElo "2449"]
[TimeControl "180+1"]
[EndTime "8:41:16 PST"]
[Termination "Mikhail_Golubev won by resignation"]

1. e4 e6 2. d4 d5 3. Nc3 Nf6 4. Bg5 dxe4 5. Nxe4 Be7 6. Bxf6 gxf6 7. Nf3 f5 8. Nc3 a6 9. Qd3 b5 10. O-O-O Bb7 11.
Qe3 Qd6 12. d5 b4 13. dxe6 Qxe6 14. Qd4 Qf6 15. Qxf6 Bxf6 16. Nd5 Bd8 17. Nxb4 Rg8 18. Nd5 Nd7 19. Bc4 Rxg2 20. Rhe1+ Kf8 21. Nxc7 Bxc7 22. Rxd7 Bf4+ 23. Kb1 Bxf3 24. Rxf7+ Kg8 25. Rxf5+ Kh8 26. Rxf4 Rxf2 27. Bd5 1-0

[Event "Early-Titled-Tuesday-Blitz-March-05-2024"]
[Site "Chess.com"]
[Date "2024.03.05"]
[Round "4"]
[White "karinachess1"]
[Black "Grandelicious"]
[Result "0-1"]
[WhiteElo "2588"]
[BlackElo "2891"]
[TimeControl "180+1"]
[EndTime "8:41:18 PST"]
[Termination "Grandelicious won on time"]

1. d4 Nf6 2. c4 g6 3. Nc3 Bg7 4. e4 d6 5. h4 Nc6 6. d5 Ne5 7. Be2 h5 8. Bg5 c6 9. Qd2 Bd7 10. Nf3 Neg4 11. O-O Rc8 12. Nd4 Qb6 13. Rad1 cxd5 14. exd5 O-O 15. b3 Rfe8 16. f3 Ne5 17. Be3 Qa5 18. Ne4 Qxd2 19. Nxd2 a6 20. g3 b5 21. cxb5 Nxd5 22. Bf2 axb5 23. Bxb5 Nc3 24. Bxd7 Nxd7 25. Rde1 Nxa2 26. Nc4 Nb4 27. Rd1 Nc5 28. Rb1 Nd5 29. Nb5 Rb8 30. Bxc5 dxc5 31. Nca3 Rb7 32.
Rfd1 e6 33. Kf2 Reb8 34. Nd6 Rxb3 35. Rxb3 Rxb3 36. Nac4 Bd4+ 37. Ke2 Nc3+ 0-1

[Event "Early-Titled-Tuesday-Blitz-March-05-2024"]
[Site "Chess.com"]
[Date "2024.03.05"]
[Round "4"]
[White "Shuvalov"]
[Black "Lennis93"]
[Result "1-0"]
[WhiteElo "2546"]
[BlackElo "2708"]
[TimeControl "180+1"]
[EndTime "8:41:18 PST"]
[Termination "Shuvalov won by resignation"]

1. d4 g6 2. c4 Bg7 3. e4 d6 4. Nc3 Nc6 5. Be3 e5 6. d5 Nd4 7.
Nge2 c5 8. dxc6 bxc6 9. Nxd4 exd4 10. Bxd4 Nf6 11. Be2 O-O 12. O-O Re8 13. Bf3 Rb8 14. Rb1 Be6 15. b3 Qa5 16. Rc1 Rbd8 17. Na4 c5 18. Bc3 Qc7 19. Qd2 h5 20. Ba5 Qe7 21.
Bxd8 Rxd8 22. Nc3 Kh7 23. Rcd1 Bh6 24. Qc2 Ng4 25. Bxg4 hxg4 26. Nd5 Qh4 27. g3 Qh3 28. Qc3 Bxd5 29. Rxd5 Bg7 30. Qd2 Rh8 31. f4 Re8 32. Re1 Bf8 33. Re2 Qh5 34. Rxh5+ 1-0

[Event "Early-Titled-Tuesday-Blitz-March-05-2024"]
[Site "Chess.com"]
[Date "2024.03.05"]
[Round "4"]
[White "ccccvhhhj"]
[Black "DarZay"]
[Result "0-1"]
[WhiteElo "2481"]
[BlackElo "2333"]
[TimeControl "180+1"]
[EndTime "8:41:18 PST"]
[Termination "DarZay won on time"]

1. d4 d5 2. Nc3 Nf6 3. Bf4 e6 4.
f3 c5 5. e3 Nc6 6. Qd2 Qb6 7.
O-O-O cxd4 8. exd4 Bb4 9. g4 Bd7 10. h4 Rc8 11. a3 Bxc3 12. Qxc3 Na5 13. Qe3 Ba4 14. Rh2 Nc4 15. Bxc4 dxc4 16. Qe5 c3 17. b3 Nd5 18. Qxg7 Rf8 19. Bh6 Kd7 20. Qxf8 Rxf8 21. Bxf8 Bb5 22. Bc5 Qa5 23. a4 b6 24. Ba3 Bxa4 25. b4 Nxb4 26. Ne2 Nxc2 0-1

[Event "Early-Titled-Tuesday-Blitz-March-05-2024"]
[Site "Chess.com"]
[Date "2024.03.05"]
[Round "4"]
[White "thebeast2900"]
[Black "mbchess97"]
[Result "0-1"]
[WhiteElo "2315"]
[BlackElo "2497"]
[TimeControl "180+1"]
[EndTime "8:41:19 PST"]
[Termination "mbchess97 won on time"]

1. e4 c5 2. Nf3 d6 3. d4 cxd4 4. Nxd4 Nf6 5. Nc3 Nc6 6. f3 e5 7.
Nb3 Be6 8. Be3 d5 9. exd5 Nxd5 10.
Nxd5 Qxd5 11. Qxd5 Bxd5 12. O-O-O O-O-O 13. Kb1 Be7 14. Bb5 Kc7 15. Rd2 a6 16. Be2 Be6 17. Rhd1 Rxd2 18. Rxd2 h5 19. Nc5 Bc8 20. f4 f6 21. Bf3 h4 22. Nd3 Bd6 23. fxe5 Nxe5 24. Nxe5 Bxe5 25. h3 g5 26. Bd4 Re8 27. Bxe5+ Rxe5 28. c4 f5 29. Bd5 g4 30. hxg4 fxg4 31. Rf2 g3 32. Rf7+ Kb6 0-1

[Event "Early-Titled-Tuesday-Blitz-March-05-2024"]
[Site "Chess.com"]
[Date "2024.03.05"]
[Round "4"]
[White "FischerKasparow"]
[Black "aridannie"]
[Result "1/2-1/2"]
[WhiteElo "2079"]
[BlackElo "2352"]
[TimeControl "180+1"]
[EndTime "8:41:20 PST"]
[Termination "Game drawn by agreement"]

1. e4 e6 2. d4 d5 3. Bd3 dxe4 4. Bxe4 Nf6 5. Bf3 c5 6. Ne2 Nc6 7. Be3 Nd5 8. Bxd5 Qxd5 9. O-O cxd4 10. Nxd4 Nxd4 11.
Qxd4 Qxd4 12. Bxd4 b6 13. Nc3 Bd7 14. Rad1 f6 15.
f3 O-O-O 16. Kf2 Bc6 17. Be3 Bb4 18. Ne4 e5 19. a3 Be7 20. Nc3 f5 21. Rxd8+ Rxd8 22. Rd1 Rxd1 23. Nxd1 f4 24. Bd2 Bc5+ 25. Ke1 Bg1 26.
h3 Kd7 27. Nf2 Ke6 28. c4 h6 29. Bc3 Bxf2+ 30. Kxf2 Kf5 31. b4 g5 32. b5 Bb7 33.
Bb4 e4 34. fxe4+ Bxe4 35. c5 bxc5 36. Bxc5 Bd3 37. a4 Bc2 38. Bxa7 Bxa4 39. b6 Bc6 40. Bb8 h5 41. Bd6 Ke4 42. Be7 g4 43. hxg4 hxg4 44. Bd6 g3+ 45. Kg1 Ke3 46. Bc7 Ke4 47. Bd6 Kf5 48.
Bc7 Kg4 49. Bd6 f3 50. gxf3+ Kxf3 51. Bc7 1/2-1/2

[Event "Early-Titled-Tuesday-Blitz-March-05-2024"]
[Site "Chess.com"]
[Date "2024.03.05"]
[Round "4"]
[White "stollenmonster"]
[Black "Iskusnyh"]
[Result "1-0"]
[WhiteElo "2901"]
[BlackElo "2696"]
[TimeControl "180+1"]
[EndTime "8:41:21 PST"]
[Termination "stollenmonster won on time"]

1. e4 e6 2. Nc3 d5 3. g3 Nf6 4.
Bg2 Be7 5. Nge2 O-O 6. d4 c5 7. exd5 exd5 8. O-O Nc6 9. h3 h6 10. Be3 cxd4 11. Nxd4 Ne5 12. Bf4 Ng6 13. Be3 Ne5 14. Re1 Nc4 15. Bc1 a6 16. Qd3 Re8 17. Nxd5 Nxd5 18. Qxc4 Nb6 19. Qd3 Bf6 20. Rxe8+ Qxe8 21. Bf4 Na4 22. Rb1 Be6 23. Nxe6 Qxe6 24. Qb3 Nc5 25. Qxe6 Nxe6 26. Be3 Rc8 27. c3 Rc7 28. a4 Nc5 29. a5 Nb3 30. Rd1 g5 31. Bb6 Re7 32. Bd8 Re6 33. Bd5 Rd6 34. Bxf6 1-0

[Event "Early-Titled-Tuesday-Blitz-March-05-2024"]
[Site "Chess.com"]
[Date "2024.03.05"]
[Round "4"]
[White "HelvertHernandez"]
[Black "Schattman"]
[Result "0-1"]
[WhiteElo "2028"]
[BlackElo "2436"]
[TimeControl "180+1"]
[EndTime "8:41:22 PST"]
[Termination "Schattman won by resignation"]

1. e4 c6 2. d4 d5 3. Nc3 dxe4 4. Nxe4 Bf5 5. Ng3 Bg6 6. h4 h6 7. Nf3 e6 8. h5 Bh7 9. Bd3 Bxd3 10. Qxd3 Nf6 11. Bf4 Qa5+ 12. Bd2 Bb4 13. c3 Be7 14. c4 Bb4 15. a3 Bxd2+ 16. Qxd2 Qc7 17. O-O Nbd7 18. Rfe1 O-O 19. b4 a5 20. b5 cxb5 21. cxb5 a4 22. Rac1 Qd6 23. Qd3 Rfc8 24. Ne5 Rxc1 25.
Rxc1 Nxe5 26. Qc2 Ned7 27. Qc3 Nb6 28. Qc5 Rd8 29. Qxd6 Rxd6 30. Rc7 Rd7 31. Rc3 Rxd4 32. Kf1 Nbd5 33. Rc8+ Kh7 34. Rb8 b6 35. Ke2 Rc4 36. f3 Rc3 37. Kd2 Rxa3 38. Rb7 Ra1 39. Rxf7 Rg1 40.
Ra7 Rxg2+ 41. Ke1 Rxg3 42. Kf1 Rxf3+ 0-1

[Event "Early-Titled-Tuesday-Blitz-March-05-2024"]
[Site "Chess.com"]
[Date "2024.03.05"]
[Round "4"]
[White "stolencandy13"]
[Black "Sjakkerntobi"]
[Result "1-0"]
[WhiteElo "2672"]
[BlackElo "2471"]
[TimeControl "180+1"]
[EndTime "8:41:23 PST"]
[Termination "stolencandy13 won by resignation"]

1. d4 Nf6 2. Bf4 d5 3. e3 e6 4.
Nf3 Bd6 5. Bg3 O-O 6. Ne5 Ne4 7. Nd2 f6 8. Nxe4 dxe4 9. Nc4 Be7 10. c3 c5 11. Qc2 cxd4 12. exd4 f5 13. Be5 Nc6 14.
Be2 b5 15. Ne3 f4 16. Ng4 Nxe5 17. Nxe5 Bb7 18. Bxb5 e3 19. Bc6 Qc7 20. Bxb7 Qxb7 21.
O-O Rab8 22. fxe3 fxe3 23. Rxf8+ Rxf8 24. Rf1 Rxf1+ 25. Kxf1 Bg5 26. Qb3 Qa6+ 27. Qc4 Qd6 28. Qc8+ Qd8 29. Qxd8+ Bxd8 1-0

[Event "Early-Titled-Tuesday-Blitz-March-05-2024"]
[Site "Chess.com"]
[Date "2024.03.05"]
[Round "4"]
[White "goldihouse"]
[Black "cristianserban1"]
[Result "0-1"]
[WhiteElo "2652"]
[BlackElo "2486"]
[TimeControl "180+1"]
[EndTime "8:41:24 PST"]
[Termination "cristianserban1 won on time"]

1. c4 Nf6 2. g3 e5 3. Bg2 c6 4. d4 e4 5. d5 Bb4+ 6. Bd2 Qb6 7. Nc3 cxd5 8. cxd5 Ng4 9. Nxe4 f5 10. h3 fxe4 11.
hxg4 O-O 12. e3 Qf6 13. Nh3 Qxb2 14. Bxb4 Qxb4+ 15. Qd2 Qxd2+ 16. Kxd2 d6 17. Bxe4 Bxg4 18. Nf4 h6 19. Rhc1 Na6 20. Rc7 Nxc7 21. Rc1 Na6 22. Rb1 Nc5 23. Bc2 g5 24. Ne6 Rxf2+ 25. Kc3 Rxc2+ 26.
Kxc2 Bf5+ 27. e4 Bxe4+ 0-1

[Event "Early-Titled-Tuesday-Blitz-March-05-2024"]
[Site "Chess.com"]
[Date "2024.03.05"]
[Round "4"]
[White "IngOscarArdila"]
[Black "MathiasWomacka"]
[Result "0-1"]
[WhiteElo "2327"]
[BlackElo "2513"]
[TimeControl "180+1"]
[EndTime "8:41:24 PST"]
[Termination "MathiasWomacka won by checkmate"]

1. d4 Nf6 2. c4 e6 3. Nc3 Bb4 4. Qc2 c5 5. dxc5 O-O 6. Nf3 Na6 7. Bg5 Nxc5 8. e3 Nce4 9. Bxf6 Qxf6 10. Rc1 Nxc3 11.
bxc3 Bc5 12. Be2 b6 13. O-O Bb7 14. Rfd1 Rfd8 15. Qa4 Bc6 16. Qa6 Qg6 17. Kh1 h6 18.
Nh4 Qf6 19. Nf3 g5 20. Nd4 Qxf2 21. Nxc6 dxc6 22. Bf3 Bxe3 23. Rb1 Bf4 24. Bxc6 Qh4 25. Kg1 Bxh2+ 26. Kf1 Rac8 27. Qb7 Qxc4+ 28. Kf2 Qc5+ 29. Kf1 Bg3 30. Bf3 Qf2# 0-1